Map: Acid Plant LE

Players

Zest - Winner!

  • Race: Protoss Protoss
  • League: Master
  • Spawn Location: 11:00

HeRoMaRinE

  • Race: Terran Terran
  • League: Master
  • Spawn Location: 5:00

Event: HomeStory Cup XVII

VOD

Have the link to the VOD?

Description

Time

  • Played on: June 30, 2018, 3:37 p.m.
  • Length: 10:57

All games in this series

Show
View Real Time Build Order
Export as new Build Order

Zest Protoss - Winner!

Build Orders: 1 Gate Expand 

Get SALT Encoding   

  12  0:00  Probe  
  13  0:13  Probe  
  14  0:17  Pylon  
  14  0:24  Probe  
  15  0:32  Probe  
  15  0:37  Gateway  
  15  0:40  Probe  
  16  0:46  Assimilator  
  17  0:51  Probe  
  18  1:03  Probe  
  19  1:15  Probe  
  20  1:22  Nexus  
  20  1:31  Cybernetics Core  
  20  1:34  Probe  
  21  1:40  Assimilator  
  21  1:47  Probe  
  22  1:49  Pylon  
  22  1:59  Warp Gate, Adept, Probe  
  25  2:11  Probe  
  26  2:19  Robotics Facility  
  26  2:20  Adept  
  26  2:24  Probe  
  29  2:35  Probe  
  29  2:36  Probe  
  31  2:47  Probe  
  31  2:48  Probe  
  33  2:54  Adept  
  33  2:56  Warp Prism  
  35  2:59  Probe  
  35  3:00  Probe  
  39  3:15  Gateway  
  39  3:16  Gateway  
  39  3:24  Probe x2  
  39  3:26  Pylon  
  41  3:32  Observer  
  41  3:33  Pylon  
  42  3:36  Probe x2  
  44  3:48  Probe x2  
  46  3:56  Immortal  
  46  4:00  Probe, Stalker  
  46  4:02  Probe, Pylon  
  54  4:12  Probe  
  53  4:26  Stalker x2  
  53  4:27  Stalker  
  53  4:28  Probe x2  
  61  4:31  Immortal  
  61  4:37  Pylon  
  65  4:52  Stalker x3  
  69  4:53  Observer  
  69  5:04  Probe x2  
  69  5:06  Twilight Council  
  71  5:07  Pylon  
  71  5:08  Assimilator  
  71  5:12  Assimilator  
  75  5:19  Pylon  
  75  5:22  Observer  
  75  5:23  Adept x2  
  75  5:26  Pylon  
  76  5:29  Adept  
  71  5:38  Probe x2  
  61  5:50  Probe  
  61  5:54  Stalker x3  
  61  5:55  Probe  
  62  6:02  Probe  
  53  6:05  Dark Shrine  
  53  6:08  Probe  
  54  6:14  Probe  
  53  6:20  Probe  
  54  6:26  Probe  
  54  6:28  Warp Prism  
  54  6:31  Probe  
  54  6:33  Observer  
  54  6:35  Probe  
  54  6:39  Probe  
  57  6:43  Probe  
  58  6:47  Probe  
  58  6:51  Stalker x2  
  58  6:52  Probe, Stalker  
  65  6:58  Probe  
  64  7:04  Probe, Resonating Glaives  
  64  7:08  Observer  
  65  7:14  Nexus  
  67  7:17  Probe  
  67  7:19  Dark Templar x3  
  73  7:25  Probe  
  73  7:29  Probe  
  75  7:37  Probe, Pylon  
  76  7:41  Probe  
  77  7:48  Pylon  
  77  7:49  Probe  
  78  7:53  Probe  
  79  8:01  Probe  
  79  8:02  Gateway  
  79  8:03  Gateway  
  79  8:05  Gateway  
  80  8:09  Gateway  
  80  8:16  Adept x2  
  80  8:17  Dark Templar  
  86  8:29  Gateway  
  86  8:36  Dark Templar  
  86  8:37  Adept  
  90  8:41  Archon x2, Shield Battery  
  90  8:44  Probe x2  
  90  8:45  Probe  
  93  8:50  Adept  
  86  9:04  Dark Templar  
  86  9:05  Dark Templar  
  82  9:19  Adept  
  67  9:35  Adept  
  67  9:36  Adept x7  
  81  9:40  Adept  
  81  9:41  Adept x6  
  75  10:02  Adept x4  
  67  10:29  Adept x5  
Show
View Real Time Build Order
Export as new Build Order

HeRoMaRinE Terran 

Build Orders: Gas First Reaper Expand, Reaper Expand, MMM Bio, Banshee Rush 

Get SALT Encoding   

  12  0:00  SCV  
  13  0:13  SCV  
  14  0:17  Supply Depot  
  14  0:25  SCV  
  15  0:29  Refinery  
  15  0:39  SCV  
  16  0:44  Barracks  
  16  0:51  SCV  
  17  1:03  SCV  
  18  1:15  SCV  
  19  1:32  Orbital Command, Reaper  
  20  1:43  Command Center  
  20  1:53  Factory  
  20  1:57  SCV  
  21  2:03  Refinery  
  21  2:07  Barracks Reactor  
  21  2:10  SCV  
  22  2:16  Supply Depot  
  22  2:22  SCV  
  23  2:38  SCV  
  23  2:39  Widow Mine  
  23  2:43  Starport  
  23  2:44  Marine x2  
  26  2:50  SCV  
  29  2:57  Orbital Command  
  29  3:03  Cyclone  
  29  3:05  SCV  
  33  3:09  Marine  
  33  3:11  Marine  
  35  3:17  SCV  
  36  3:20  Starport Tech Lab  
  36  3:23  SCV  
  37  3:27  Marine  
  37  3:29  Marine, SCV  
  37  3:32  Supply Depot  
  41  3:41  SCV  
  41  3:45  Marine  
  41  3:47  Marine  
  44  3:48  Cloaking Field  
  44  3:50  Banshee  
  44  3:52  SCV  
  44  3:53  Factory Tech Lab  
  44  3:54  SCV  
  47  3:55  Supply Depot  
  47  4:03  Marine  
  47  4:05  Marine  
  47  4:06  Bunker, SCV x2  
  50  4:18  SCV x2  
  50  4:20  Siege Tank  
  50  4:22  Marine x2  
  50  4:23  Supply Depot  
  56  4:30  SCV x2  
  58  4:35  Banshee  
  61  4:42  Supply Depot, Marine, SCV  
  62  4:47  Marine, SCV  
  59  4:54  Supply Depot, SCV  
  59  4:55  Siege Tank  
  59  4:59  SCV  
  62  5:00  Marine  
  62  5:05  Marine  
  64  5:07  Supply Depot  
  64  5:09  SCV  
  64  5:11  SCV  
  66  5:17  Command Center  
  66  5:20  Marine  
  67  5:22  Marine  
  67  5:24  SCV x2  
  70  5:33  Siege Tank  
  70  5:34  Barracks  
  73  5:40  SCV x2, Barracks  
  73  5:41  Marine x2  
  63  5:52  SCV x2  
  57  5:59  Marine x2  
  53  6:04  SCV x2  
  51  6:16  SCV x2  
  51  6:17  Marine x2  
  53  6:27  Factory Reactor  
  53  6:28  SCV x2  
  55  6:36  Stimpack  
  55  6:40  SCV  
  55  6:41  Orbital Command  
  55  6:43  SCV  
  57  6:52  Engineering Bay, SCV  
  58  6:57  Starport Reactor  
  58  6:59  SCV  
  59  7:02  Marine x2  
  59  7:04  Marauder, SCV  
  59  7:08  SCV  
  65  7:11  Combat Shields, SCV  
  66  7:17  SCV  
  66  7:18  Missile Turret  
  66  7:20  Missile Turret, SCV  
  66  7:21  Terran Infantry Weapons Level 1  
  68  7:23  SCV  
  68  7:29  SCV  
  70  7:34  Medivac x2  
  70  7:36  Missile Turret  
  74  7:38  Missile Turret  
  74  7:41  Barracks  
  72  7:46  SCV x2  
  72  7:48  Barracks  
  72  7:50  Orbital Command  
  74  7:54  Refinery x2  
  74  7:58  SCV x2  
  76  8:00  Marauder x2  
  79  8:06  Marine x2  
  79  8:10  SCV x2  
  79  8:18  Missile Turret  
  78  8:22  SCV x3  
  81  8:33  Marine x2  
  81  8:34  Marine x2, SCV x3  
  84  8:39  Barracks Tech Lab  
  84  8:41  Marauder x2  
  92  8:43  Supply Depot  
  92  8:49  Supply Depot, Missile Turret  
  92  8:51  SCV x2  
  95  9:01  Marine x3  
  92  9:03  SCV  
  92  9:04  Liberator  
  86  9:11  Marauder  
  86  9:12  Marauder  
  86  9:14  Marine  
  79  9:19  Marine x2  
  79  9:21  Cyclone  
  57  9:32  Marauder  
  57  9:38  Marauder  
  51  9:52  Marine  
  51  9:57  Marine  
  51  9:59  Marine  
  53  10:02  Marine  
  53  10:06  Orbital Command  
  52  10:08  Marine x2  
  54  10:19  Marine x2  
  54  10:21  Marine x2  
  47  10:23  Marine  
  30  10:30  Marine  
  30  10:34  Marine  
Tags
 
Add a new tag
Caveats
  • Supply blocks, unpowered buildings, or Contaminate may cause inaccurate times.
  • Supply counts are checked every 10 seconds.